AoeStats
← HeKKerZ3175

Golden Pit

509332897Analyzed
1v1 RM · 5d ago on Sep 26, 2026· 31m 53s· 2 players
Game mode
Random Map
Map size
Tiny (2 player)
Population
200
Speed
Normal
Resources
Standard
Victory
Conquest
Starting age
Dark Age
Ending age
Imperial Age
RankedLock teamsTeams togetherTeam positionsShared explorationLock speedFull tech treeHidden civsTurbo modeCheats
Victory
Defeat
🇮🇳 Franks · India
646
+15
🇬🇧 Saxons · United Kingdom
622
-15
HeKKerZ3175
10:41 Feudal Age
8:58 Loom
15:06 Castle Age
13:44 Horse Collar
16:23 Double-Bit Axe
18:34 Bow Saw
27:15 Heavy Plow
29:14 Squires
29:33 Scale Mail Armor
29:24 Fletching
29:01 Pikeman
31:14 Redemption
VeerKnight
11:03 Feudal Age
11:39 Double-Bit Axe
18:08 Castle Age
18:21 Forging
18:19 Scale Barding Armor
21:02 Chain Barding Armor
Connection lost

Rejoining the realm…

Still unreachable

The connection could not be restored.

Session expired

The server has moved on; the page needs a fresh start.